AoeStats
← ALmotema

African Clearing

510314500Analyzed
4v4 RM · 19h ago on Sep 30, 2026· 43m 46s· 8 players
Game mode
Random Map
Map size
Large (8 player)
Population
200
Speed
Normal
Resources
Standard
Victory
Conquest
Starting age
Dark Age
Ending age
Imperial Age
RankedLock teamsTeams togetherTeam positionsShared explorationLock speedFull tech treeHidden civsTurbo modeCheats
Victory
Defeat
🇬🇷 Koreans · Greece
1353
+15
🇹🇼 Varangians · Taiwan
1350
+15
🇻🇳 Spanish · Vietnam
1315
+17
🇻🇳 Malay · Vietnam
1292
+18
🇮🇩 Malay · Indonesia
1353
-17
🇨🇳 Varangians · China
1335
-16
🇯🇵 Koreans · Japan
1331
-16
🇹🇼 Danes · Taiwan
1323
-16
popo770723
9:00 Loom
12:55 Feudal Age
20:27 Castle Age
23:28 Arson
24:47 Horse Collar
26:09 Scale Mail Armor
27:56 Heavy Plow
28:37 Gold Mining
29:43 Forging
36:55 Imperial Age
34:22 Stone Mining
35:03 Double-Bit Axe
36:47 Wheelbarrow
37:59 Iron Casting
38:24 Conscription
39:36 Gold Shaft Mining
39:26 Hand Cart
40:36 Stone Shaft Mining
39:53 Town Watch
39:34 Hamask
41:45 Chain Mail Armor
42:32 Blast Furnace
kojimo
4:06 Loom
14:02 Feudal Age
15:08 Double-Bit Axe
18:04 Castle Age
21:17 Fletching
25:52 Wheelbarrow
26:09 Bow Saw
27:50 Town Watch
30:11 Hand Cart
34:05 Bodkin Arrow
36:22 Gold Mining
36:23 Stone Mining
41:46 Imperial Age
41:26 Gold Shaft Mining
42:36 Bracer
43:52 Chemistry
43:16 Elite War Wagon
Noobieski
6:31 Loom
13:40 Feudal Age
16:02 Double-Bit Axe
18:41 Castle Age
19:57 Horse Collar
22:46 Light Cavalry
Behind You
4:29 Loom
14:20 Feudal Age
26:37 Castle Age
24:54 Double-Bit Axe
30:00 Squires
31:00 Gold Mining
piecardinap
3:06 Loom
13:39 Feudal Age
16:12 Stone Mining
19:01 Castle Age
20:07 Double-Bit Axe
25:51 Wheelbarrow
26:24 Bloodlines
27:24 Horse Collar
28:14 Stone Mining
28:25 Gold Mining
29:34 Heavy Plow
35:16 Imperial Age
33:05 Fletching
33:21 Scale Barding Armor
36:32 Conscription
40:07 Chain Barding Armor
40:15 Bow Saw
41:51 Plate Barding Armor
41:54 Ballistics
41:36 Padded Archer Armor
41:47 Forging
41:08 Elite Conquistador
ALmotema
4:38 Loom
14:15 Feudal Age
14:47 Double-Bit Axe
16:21 Scale Barding Armor
17:30 Bloodlines
22:16 Castle Age
20:46 Gold Mining
21:14 Horse Collar
22:18 Forging
22:18 Fishing Lines
23:46 Bow Saw
24:21 Chain Barding Armor
26:13 Wheelbarrow
26:57 Iron Casting
28:42 Heavy Plow
29:15 Fletching
29:54 Stone Mining
30:02 Gillnets
31:12 Vendel Legacy
34:30 Hand Cart
36:00 Husbandry
39:37 Imperial Age
39:39 Cavalier
40:55 Plate Barding Armor
42:19 Two-Man Saw
41:52 Crop Rotation
42:52 Blast Furnace
44:21 Conscription
44:39 Stone Shaft Mining
Zzulu
8:30 Loom
14:03 Feudal Age
17:53 Castle Age
22:58 Double-Bit Axe
33:10 Fletching
37:34 Imperial Age
35:50 Ballistics
36:18 Bodkin Arrow
37:21 Thumb Ring
37:39 Bow Saw
38:08 Elite War Wagon
39:09 Conscription
38:53 Bracer
41:41 Chemistry
43:00 Husbandry
mryendl2410
7:49 Loom
12:30 Feudal Age
14:20 Double-Bit Axe
23:37 Castle Age
21:42 Horse Collar
22:52 Man-at-Arms
25:44 Fletching
30:09 Wheelbarrow
36:41 Gold Mining
38:51 Town Watch
Connection lost

Rejoining the realm…

Still unreachable

The connection could not be restored.

Session expired

The server has moved on; the page needs a fresh start.